Map: Jagannatha LE

Players

ArT

  • Race: Protoss Protoss

Serral - Winner!

  • Race: Zerg Zerg
  • League: Master

Event: DreamHack SC2 Masters 2021 Summer

VOD

Have the link to the VOD?

Description

Time

  • Played on: May 23, 2021, 12:17 p.m.
  • Length: 9:22

All games in this series

Show
View Real Time Build Order
Export as new Build Order

ArT Protoss 

Build Orders: Zealot Archon 

Get SALT Encoding   

  12  0:00  Probe  
  13  0:12  Probe  
  14  0:19  Pylon  
  14  0:25  Probe  
  15  0:37  Probe (Chrono Boost)  
  15  0:42  Gateway  
  16  0:46  Probe (Chrono Boost)  
  16  0:48  Assimilator  
  17  0:51  Probe  
  18  1:04  Probe  
  19  1:16  Probe  
  20  1:28  Probe, Zealot (Chrono Boost)  
  20  1:29  Cybernetics Core  
  20  1:32  Pylon  
  23  1:49  Zealot (Chrono Boost)  
  25  2:03  Nexus  
  25  2:15  Adept (Chrono Boost)  
  27  2:20  Assimilator  
  28  2:30  Probe  
  28  2:35  Pylon  
  28  2:50  Warp Gate  
  28  2:53  Probe  
  28  2:57  Gateway  
  27  3:03  Adept  
  29  3:06  Probe (Chrono Boost)  
  30  3:15  Probe (Chrono Boost)  
  30  3:18  Probe (Chrono Boost)  
  32  3:23  Twilight Council  
  32  3:25  Probe (Chrono Boost)  
  33  3:28  Probe (Chrono Boost)  
  33  3:32  Probe  
  35  3:40  Probe  
  36  3:44  Probe  
  37  3:52  Probe  
  38  3:57  Robotics Facility  
  38  3:58  Probe  
  39  4:04  Probe (Chrono Boost), Dark Shrine  
  40  4:10  Probe (Chrono Boost)  
  40  4:15  Pylon  
  42  4:18  Probe (Chrono Boost)  
  42  4:22  Probe (Chrono Boost)  
  43  4:25  Probe (Chrono Boost), Gateway  
  43  4:27  Probe (Chrono Boost)  
  43  4:30  Probe  
  45  4:32  Pylon  
  45  4:36  Probe  
  47  4:39  Stalker  
  47  4:42  Assimilator  
  49  4:48  Warp Prism  
  49  4:50  Probe  
  49  4:51  Probe  
  53  4:57  Assimilator  
  53  4:58  Pylon  
  53  5:03  Probe  
  54  5:12  Probe  
  55  5:15  Probe  
  55  5:17  Dark Templar x2  
  60  5:28  Probe  
  60  5:29  Probe  
  60  5:31  Observer  
  63  5:42  Nexus  
  63  5:44  Pylon  
  63  5:50  Dark Templar  
  63  5:52  Probe  
  63  5:53  Pylon  
  59  5:57  Immortal  
  59  5:58  Pylon  
  59  5:59  Pylon  
  61  6:04  Probe  
  61  6:08  Blink  
  61  6:11  Gateway  
  62  6:12  Gateway  
  62  6:14  Gateway  
  62  6:23  Archon  
  62  6:24  Dark Templar  
  63  6:34  Archon  
  63  6:35  Probe  
  63  6:38  Immortal (Chrono Boost), Sentry  
  63  6:39  Stalker  
  68  6:44  Nexus  
  72  6:49  Pylon  
  72  6:51  Probe x2  
  74  6:58  Forge  
  73  7:09  Sentry x3  
  73  7:10  Immortal (Chrono Boost)  
  82  7:24  Probe x2  
  82  7:28  Pylon  
  84  7:35  Pylon  
  84  7:36  Probe  
  85  7:40  Pylon  
  85  7:46  Probe  
  85  7:47  Observer (Chrono Boost), Stalker x2  
  91  7:52  Probe  
  88  7:59  Stalker  
  88  8:00  Stalker x3  
  88  8:01  Shield Battery  
  94  8:17  Zealot  
  94  8:18  Shield Battery, Stalker  
  98  8:24  Stalker  
  98  8:25  Sentry x2  
  104  8:27  Probe  
  104  8:28  Probe  
  104  8:29  Probe  
  104  8:33  Pylon  
  105  8:43  Stalker x3  
  105  8:47  Probe x2, Assimilator x2  
  113  8:54  Stalker  
  113  8:55  Stalker x2  
  117  9:01  Photon Cannon  
  117  9:02  Photon Cannon  
  112  9:10  Stalker x2  
Show
View Real Time Build Order
Export as new Build Order

Serral Zerg - Winner!

Build Orders: Pool First 

Get SALT Encoding   

  12  0:17  Spawning Pool  
  11  0:22  Drone  
  11  0:26  Drone  
  13  0:31  Drone  
  14  0:40  Overlord  
  15  1:04  Zergling x4  
  15  1:05  Zergling x2  
  17  1:16  Zergling x2  
  18  1:18  Hatchery  
  17  1:26  Zergling x2  
  18  1:34  Queen  
  18  1:39  Drone  
  21  1:48  Overlord  
  21  1:59  Drone  
  22  2:10  Queen  
  22  2:14  Drone  
  24  2:20  Drone  
  25  2:32  Queen  
  25  2:33  Drone x2  
  25  2:36  Extractor  
  28  2:42  Drone x2  
  30  2:46  Overlord  
  30  2:47  Drone  
  30  2:51  Drone  
  30  2:54  Drone  
  30  2:56  Drone  
  32  3:03  Drone  
  33  3:06  Drone  
  34  3:15  Drone  
  34  3:18  Queen  
  37  3:21  Overlord  
  37  3:25  Zergling x2  
  38  3:28  Zergling x2  
  39  3:37  Hatchery  
  39  3:39  Drone  
  39  3:41  Drone  
  39  3:44  Drone  
  39  3:46  Drone  
  42  3:49  Drone  
  42  3:53  Drone x2  
  45  3:57  Metabolic Boost  
  45  4:01  Drone  
  46  4:04  Drone x2  
  48  4:11  Roach Warren  
  48  4:12  Overlord  
  48  4:16  Drone  
  48  4:18  Extractor, Drone  
  48  4:20  Drone  
  49  4:24  Drone  
  49  4:26  Queen  
  49  4:30  Overlord  
  52  4:33  Overlord  
  52  4:37  Overlord  
  52  4:45  Lair  
  52  4:48  Zergling x6  
  52  4:50  Drone  
  52  4:51  Drone  
  52  4:52  Drone  
  58  4:56  Zergling x2  
  58  4:57  Zergling x4  
  58  4:58  Zergling x2  
  62  5:07  Spore Crawler x2  
  62  5:10  Spore Crawler  
  62  5:11  Drone x3  
  62  5:13  Drone  
  63  5:14  Drone  
  63  5:15  Drone  
  63  5:16  Drone  
  66  5:21  Zergling x2  
  66  5:22  Zergling x2  
  66  5:27  Drone  
  69  5:31  Extractor  
  69  5:32  Overlord  
  69  5:33  Extractor  
  66  5:36  Drone x2  
  66  5:37  Overlord  
  68  5:44  Drone x5  
  68  5:45  Drone x3  
  75  5:51  Overlord  
  75  5:53  Roach  
  75  5:54  Roach  
  78  5:58  Overseer  
  78  6:00  Roach x3  
  84  6:05  Glial Reconstitution  
  84  6:07  Roach  
  84  6:08  Roach  
  84  6:09  Overlord  
  84  6:10  Overseer  
  88  6:12  Drone x2  
  88  6:17  Overseer  
  90  6:18  Drone  
  90  6:19  Drone x3  
  90  6:23  Drone x2  
  96  6:26  Overlord  
  96  6:28  Overlord  
  96  6:32  Roach  
  96  6:36  Overlord  
  96  6:37  Roach x2  
  96  6:38  Evolution Chamber, Roach  
  101  6:42  Extractor  
  101  6:44  Roach  
  101  6:45  Roach x2  
  106  6:48  Roach x2  
  110  6:59  Roach x6  
  132  7:08  Roach x5  
  132  7:15  Roach x2  
  136  7:20  Overlord  
  136  7:21  Roach x5  
  144  7:25  Zerg Missile Weapons Level 1  
  144  7:29  Extractor  
  141  7:30  Overlord x2  
  141  7:34  Tunneling Claws  
  141  7:35  Burrow  
  141  7:43  Drone x3  
  144  7:47  Ravager x4  
  144  7:49  Drone x4  
  144  7:50  Drone  
  153  7:53  Roach x2  
  153  7:54  Roach x2  
  153  7:58  Overlord x2  
  161  8:02  Roach x2  
  165  8:06  Overlord x2  
  165  8:13  Roach x2  
  165  8:18  Hatchery  
  168  8:21  Roach x2  
  168  8:25  Overseer  
  171  8:28  Roach x3  
  171  8:29  Ravager x3  
  180  8:38  Roach x4  
  180  8:40  Roach x2  
  186  8:46  Roach x3  
  192  8:55  Roach x3  
  191  8:57  Roach x7  
  191  8:58  Roach  
Tags
 
Add a new tag
Caveats
  • Supply blocks, unpowered buildings, or Contaminate may cause inaccurate times.
  • Supply counts are checked every 10 seconds.